[Event "FIDE Chesscom Grand Swiss 2019"]
[Site "Douglas-Isle of Man"]
[Date "2019.10.19"]
[Round "9.31"]
[White "Efimenko, Zahar"]
[Black "Lei, Tingjie"]
[Result "1/2-1/2"]
[ECO "A14"]
[WhiteElo "2604"]
[BlackElo "2469"]
[Annotator "ChessBase"]
[PlyCount "106"]
[EventDate "2019.10.10"]
[EventType "swiss"]
[EventCountry "GBR"]
[SourceTitle "playchess.com"]
[Source "ChessBase"]
[SourceQuality "1"]
[TimeControl "40/6000+30:20/3000+30:900+30"]

1. Nf3 d5 2. b3 Nf6 3. g3 e6 4. Bg2 Be7 5. O-O O-O 6. c4 b6 7. cxd5 Nxd5 8. d4 Bb7 9. Bb2 Nd7 10. Nbd2 c5 11. e4 Nb4 12. Qe2 Nc2 13. Rad1 Nxd4 14. Nxd4 cxd4 15. Bxd4 Rc8 16. Qg4 g6 17. e5 Bxg2 18. Kxg2 Rc2 19. a4 Qc7 20. Qe4 Rc8 21. Nc4 Qc6 22. Qxc6 Rxc6 23. Rc1 Rxc1 24. Rxc1 a6 25. Rc2 b5 26. axb5 axb5 27. Ne3 Rxc2 28. Nxc2 Kf8 29. f4 Ke8 30. Kf3 Kd8 31. Be3 Bc5 32. Bxc5 Nxc5 33. b4 Na6 34. Ke4 Ke7 35. g4 Nc7 36. h4 h5 37. gxh5 gxh5 38. f5 f6 39. fxe6 Nxe6 40. Kf5 fxe5 41. Kxe5 Nc7 42. Kf5 Nd5 43. Kg5 Kf7 44. Kxh5 Kg7 45. Kg5 Kh7 46. h5 Kg7 47. h6+ Kh7 48. Nd4 Nxb4 49. Nxb5 Nc6 50. Nd6 Ne7 51. Ne4 Ng8 52. Nf6+ Nxf6 53. Kxf6 Kxh6 1/2-1/2

[Event "FIDE Chesscom Grand Swiss 2019"]
[Site "Douglas-Isle of Man"]
[Date "2019.10.19"]
[Round "9.32"]
[White "Melkumyan, Hrant"]
[Black "Gukesh D"]
[Result "1/2-1/2"]
[ECO "D60"]
[WhiteElo "2650"]
[BlackElo "2520"]
[Annotator "ChessBase"]
[PlyCount "154"]
[EventDate "2019.10.10"]
[EventType "swiss"]
[EventCountry "GBR"]
[SourceTitle "playchess.com"]
[Source "ChessBase"]
[SourceQuality "1"]
[TimeControl "40/6000+30:20/3000+30:900+30"]

1. d4 d5 2. c4 e6 3. Nf3 Nf6 4. Nc3 Be7 5. Bg5 O-O 6. e3 Nbd7 7. cxd5 Nxd5 8. Bxe7 Qxe7 9. Rc1 Nxc3 10. Rxc3 c5 11. Bd3 cxd4 12. Nxd4 Nf6 13. O-O e5 14. Nf5 Qd8 15. Qf3 g6 16. Ng3 Qe7 17. h3 Be6 18. Rfc1 Rac8 19. Ne4 Nxe4 20. Qxe4 Bf5 21. Qa4 Qd7 22. Qxd7 Bxd7 23. Be4 b6 24. Rc7 Be6 25. a3 Rfd8 26. b4 Kg7 27. R1c6 Rxc7 28. Rxc7 Rd7 29. Rc3 Rd1+ 30. Kh2 Rd2 31. Kg3 Kf6 32. h4 Ke7 33. Bd3 Kd6 34. Bb5 Bd7 35. Ba6 f5 36. Bd3 Bc6 37. f3 Bd7 38. Bc4 h6 39. f4 exf4+ 40. exf4 Bc6 41. Rd3+ Rxd3+ 42. Bxd3 Ke6 43. Kf2 Kf6 44. g3 g5 45. Ke3 gxh4 46. gxh4 Ke6 47. Kd4 Bd7 48. Kc4 Kd6 49. Bc2 Ke6 50. a4 Kd6 51. a5 Ke6 52. Bd1 Kd6 53. Bf3 Ke6 54. Bh1 Kd6 55. Bb7 Kc7 56. Ba6 Kd6 57. Bb5 Be6+ 58. Kd4 Bc8 59. Ba4 Be6 60. Be8 Bc8 61. Bf7 Bd7 62. Kc4 Kc6 63. Bh5 Be6+ 64. Kd4 Kd6 65. Bd1 Bc8 66. Bc2 Be6 67. Ba4 Bc8 68. Bb5 Be6 69. Ba6 Bd7 70. Bb7 Be6 71. Ba8 Bc8 72. Bd5 Bd7 73. Ba2 Bc8 74. Bg8 Bd7 75. Kc4 Kc6 76. Bd5+ Kd6 77. Bf3 Ke6 1/2-1/2

[Event "FIDE Chesscom Grand Swiss 2019"]
[Site "Douglas-Isle of Man"]
[Date "2019.10.19"]
[Round "9.32"]
[White "Henderson de La Fuente, Lance"]
[Black "Gavrilescu, David"]
[Result "1-0"]
[ECO "C07"]
[WhiteElo "2494"]
[BlackElo "2451"]
[Annotator "ChessBase"]
[PlyCount "101"]
[EventDate "2019.10.10"]
[EventType "swiss"]
[EventCountry "GBR"]
[SourceTitle "playchess.com"]
[Source "ChessBase"]
[SourceQuality "1"]
[TimeControl "40/6000+30:20/3000+30:900+30"]

1. e4 e6 2. d4 d5 3. Nd2 c5 4. Ngf3 cxd4 5. Nxd4 Nc6 6. Bb5 Bd7 7. Nxc6 bxc6 8. Bd3 Qc7 9. Qe2 Ne7 10. O-O Ng6 11. Nf3 Be7 12. e5 c5 13. c3 h6 14. h4 Nxh4 15. Nxh4 Bxh4 16. Qg4 c4 17. Bc2 Bg5 18. f4 Be7 19. Qxg7 Bc5+ 20. Kh2 O-O-O 21. Qxf7 h5 22. b4 Rdf8 23. Qg7 Rhg8 24. Qh7 Bb6 25. Qe7 Re8 26. Qf6 Bc6 27. Bg6 Ref8 28. Qxe6+ Bd7 29. Qe7 Qc6 30. f5 Bd8 31. b5 Qb6 32. Qa3 Bc7 33. Qe7 Bd8 34. Qa3 Bc7 35. Bg5 Bxe5+ 36. Kh1 Bd6 37. Qc1 h4 38. Qd2 Qb7 39. Rad1 Kc7 40. Bh6 Rf6 41. Qd4 Rfxg6 42. fxg6 Rxg6 43. Bf4 h3 44. Bxd6+ Kxd6 45. Rf6+ Rxf6 46. Qxf6+ Kc5 47. Qe7+ Kb6 48. Qd6+ Ka5 49. Rxd5 hxg2+ 50. Kg1 Bxb5 51. a4 1-0

[Event "FIDE Chesscom Grand Swiss 2019"]
[Site "Douglas-Isle of Man"]
[Date "2019.10.19"]
[Round "9.33"]
[White "Prithu Gupta"]
[Black "Erenberg, Ariel"]
[Result "0-1"]
[ECO "A28"]
[WhiteElo "2493"]
[BlackElo "2463"]
[Annotator "ChessBase"]
[PlyCount "88"]
[EventDate "2019.10.10"]
[EventType "swiss"]
[EventCountry "GBR"]
[SourceTitle "playchess.com"]
[Source "ChessBase"]
[SourceQuality "1"]
[TimeControl "40/6000+30:20/3000+30:900+30"]

1. c4 Nf6 2. Nc3 e5 3. Nf3 Nc6 4. e4 Bb4 5. d3 d6 6. a3 Bc5 7. b4 Bb6 8. Na4 Bd4 9. Nxd4 Nxd4 10. Nc3 a5 11. b5 c6 12. a4 O-O 13. Ne2 Nxe2 14. Bxe2 d5 15. exd5 cxd5 16. O-O Be6 17. c5 Rc8 18. d4 Ne4 19. Bb2 exd4 20. Qxd4 Qf6 21. Qxf6 gxf6 22. b6 f5 23. Rfe1 Rfd8 24. Bd4 Nxc5 25. Ra3 Ne4 26. Bb5 f4 27. Rf3 Rc2 28. Rxf4 Rdc8 29. f3 Rc1 30. Kf1 Nd2+ 31. Kf2 Rxe1 32. Kxe1 Nb3 33. Be5 Rc2 34. Kf1 Nd2+ 35. Ke1 Nb3 36. Bd6 d4 37. Re4 h5 38. Re5 Kg7 39. Rxh5 Rxg2 40. f4 f6 41. Bd3 Nc1 42. Kf1 Ra2 43. Be4 Bc4+ 44. Kg1 d3 0-1

[Event "FIDE Chesscom Grand Swiss 2019"]
[Site "Douglas-Isle of Man"]
[Date "2019.10.19"]
[Round "9.34"]
[White "Clarke, Brandon G I"]
[Black "Houska, Jovanka"]
[Result "0-1"]
[ECO "B12"]
[WhiteElo "2445"]
[BlackElo "2430"]
[Annotator "NA"]
[PlyCount "66"]
[EventDate "2019.10.10"]
[EventType "swiss"]
[EventCountry "GBR"]
[SourceTitle "playchess.com"]
[Source "ChessBase"]
[SourceQuality "1"]
[TimeControl "40/6000+30:20/3000+30:900+30"]

1. e4 c6 2. d4 d5 3. e5 Bf5 4. Nf3 e6 5. Be2 Ne7 6. O-O Bg6 7. Nbd2 Nf5 8. c4 Be7 9. a4 O-O 10. a5 dxc4 11. Nxc4 Bh5 12. Be3 Na6 13. Qb3 Rb8 14. Rfd1 Nc7 15. h3 Nxe3 16. fxe3 Nd5 17. e4 Nf4 18. Bf1 f5 19. exf5 Bxf3 20. Qxf3 Rxf5 21. Ne3 Rf7 22. Qe4 Bh4 23. Nc4 Qg5 24. Ra3 Nd5 25. a6 Bf2+ 26. Kh1 Rf4 27. Qc2 b5 28. Nd6 Bxd4 29. Qxc6 Rbf8 30. Qxb5 Bxe5 31. Nb7 Rf2 32. Qc4 Ne3 33. Rxe3 Qxe3 0-1

[Event "FIDE Chesscom Grand Swiss 2019"]
[Site "Douglas-Isle of Man"]
[Date "2019.10.19"]
[Round "9.36"]
[White "Boruchovsky, Avital"]
[Black "Batsiashvili, Nino"]
[Result "1-0"]
[ECO "D77"]
[WhiteElo "2533"]
[BlackElo "2422"]
[Annotator "ChessBase"]
[PlyCount "183"]
[EventDate "2019.10.10"]
[EventType "swiss"]
[EventCountry "GBR"]
[SourceTitle "playchess.com"]
[Source "ChessBase"]
[SourceQuality "1"]
[TimeControl "40/6000+30:20/3000+30:900+30"]

1. Nf3 d5 2. g3 g6 3. Bg2 Bg7 4. d4 Nf6 5. O-O O-O 6. c4 dxc4 7. Na3 c5 8. dxc5 Be6 9. Qc2 Na6 10. Rd1 Qc8 11. Ng5 Bf5 12. Qxc4 h6 13. Nf3 Qxc5 14. Nd4 Be4 15. Qxc5 Nxc5 16. f3 e5 17. Ndb5 Bc6 18. Be3 b6 19. Rac1 a6 20. Nd6 Bd5 21. Nac4 Rab8 22. Nxe5 Bxa2 23. Nc6 Ra8 24. Bxc5 bxc5 25. Rxc5 Bb3 26. Rd2 Nd7 27. Ra5 Nb8 28. f4 Nxc6 29. Bxc6 Rab8 30. Rxa6 Rfd8 31. Ne4 Rxd2 32. Nxd2 Be6 33. b3 Bc3 34. Ra2 Bxd2 35. Rxd2 Rxb3 36. Kf2 h5 37. Bf3 Kg7 38. Rd3 Rb2 39. Rc3 Ra2 40. Rc7 Rb2 41. f5 Bxf5 42. Bd5 h4 43. Rxf7+ Kh6 44. Re7 hxg3+ 45. Kxg3 Kg5 46. e4 Rd2 47. h4+ Kh6 48. Kf4 Bh3 49. Rc7 Rd1 50. Ke5 Rd2 51. Ra7 Rd1 52. Ra3 Bg4 53. Ra8 Rh1 54. Kf6 Rf1+ 55. Ke7 Re1 56. Rh8+ Kg7 57. Rg8+ Kh7 58. Kf6 Rf1+ 59. Kg5 Be2 60. Rb8 Rg1+ 61. Kf6 Rf1+ 62. Ke5 Rh1 63. Kd6 Rxh4 64. e5 Bg4 65. Rb4 g5 66. e6 Bxe6 67. Rb7+ Kg6 68. Bxe6 Rh2 69. Rb8 g4 70. Rg8+ Kf6 71. Rxg4 Rd2+ 72. Bd5 Kf5 73. Rg8 Kf4 74. Rf8+ Ke3 75. Ke5 Rd3 76. Be4 Rc3 77. Kd5 Rc7 78. Rf3+ Ke2 79. Ra3 Rd7+ 80. Ke5 Rd8 81. Bd5 Kf2 82. Kd4 Rd7 83. Rf3+ Ke2 84. Rg3 Kf2 85. Rg2+ Kf1 86. Rb2 Rd8 87. Ke4 Kg1 88. Rd2 Rd6 89. Ke3 Rd8 90. Rd1+ Kh2 91. Kf2 Rf8+ 92. Bf3 1-0

[Event "FIDE Chesscom Grand Swiss 2019"]
[Site "Douglas-Isle of Man"]
[Date "2019.10.19"]
[Round "9.37"]
[White "Atalik, Ekaterina"]
[Black "Solomon, Kenny"]
[Result "1-0"]
[ECO "D02"]
[WhiteElo "2464"]
[BlackElo "2382"]
[Annotator "ChessBase"]
[PlyCount "113"]
[EventDate "2019.10.10"]
[EventType "swiss"]
[EventCountry "GBR"]
[SourceTitle "playchess.com"]
[Source "ChessBase"]
[SourceQuality "1"]
[TimeControl "40/6000+30:20/3000+30:900+30"]

1. d4 Nf6 2. g3 c5 3. Nf3 cxd4 4. Nxd4 d5 5. Bg2 e5 6. Nb3 Bb4+ 7. c3 Be7 8. c4 Be6 9. Nc3 d4 10. Bxb7 Nbd7 11. Nd5 Rb8 12. Bc6 Qc8 13. Nxe7 Kxe7 14. Bg2 Bxc4 15. f4 Re8 16. O-O Kf8 17. fxe5 Nxe5 18. Bf4 Qa6 19. Qxd4 Rbd8 20. Qc5+ Kg8 21. Bxe5 Nd7 22. Qa5 Nxe5 23. Qxa6 Bxa6 24. Rfe1 Nc4 25. Nc5 Bc8 26. b3 Ne3 27. Bc6 Re5 28. Rac1 Kf8 29. Nd3 Re7 30. Bf3 g5 31. Rc5 Bf5 32. Nb4 Rd2 33. Nd5 Re5 34. Nxe3 Rxc5 35. b4 Rb5 36. a4 Rxb4 37. Nxf5 g4 38. Bc6 Rc2 39. Bb5 Rc5 40. Ne3 a6 41. Bxa6 Rxa4 42. Bd3 h5 43. Rb1 Raa5 44. Rb7 Re5 45. Nc4 Ra1+ 46. Kg2 Re6 47. Rb5 Rh6 48. Ne3 Ra8 49. Nd5 Kg7 50. Nf4 Rah8 51. h3 gxh3+ 52. Kxh3 Rd6 53. Nxh5+ Kh6 54. Kh4 Rd4+ 55. g4 Re8 56. Rb6+ Re6 57. Rb8 1-0

[Event "FIDE Chesscom Grand Swiss 2019"]
[Site "Douglas-Isle of Man"]
[Date "2019.10.19"]
[Round "9.38"]
[White "Cramling, Pia"]
[Black "Zatonskih, Anna"]
[Result "1/2-1/2"]
[ECO "E06"]
[WhiteElo "2462"]
[BlackElo "2422"]
[Annotator "ChessBase"]
[PlyCount "94"]
[EventDate "2019.10.10"]
[EventType "swiss"]
[EventCountry "GBR"]
[SourceTitle "playchess.com"]
[Source "ChessBase"]
[SourceQuality "1"]
[TimeControl "40/6000+30:20/3000+30:900+30"]

1. d4 d5 2. Nf3 Nf6 3. c4 e6 4. Nc3 Be7 5. g3 O-O 6. Bg2 dxc4 7. Ne5 c5 8. dxc5 Qc7 9. Nxc4 Qxc5 10. Qb3 Nc6 11. Be3 Nd4 12. Bxd4 Qxd4 13. O-O Rb8 14. Rfd1 Qc5 15. Rac1 Bd7 16. Ne4 Qb5 17. Qxb5 Bxb5 18. e3 Nxe4 19. Bxe4 Bxc4 20. Rxc4 Rfd8 21. Rdc1 Bd6 22. Ra4 a6 23. Kf1 Kf8 24. Ke2 f5 25. Bf3 Ke7 26. h3 Rd7 27. g4 Rc7 28. Rxc7+ Bxc7 29. gxf5 exf5 30. Bd5 a5 31. Rc4 Be5 32. b3 Bd6 33. Kd3 h6 34. e4 fxe4+ 35. Rxe4+ Kd7 36. h4 b6 37. Rg4 Be5 38. f4 Bf6 39. f5 Kd6 40. Be6 Rd8 41. Ke3 b5 42. a4 Rb8 43. h5 bxa4 44. Rxa4 Rb5 45. Kf3 Be5 46. Ke4 Rb4+ 47. Rxb4 axb4 1/2-1/2

[Event "FIDE Chesscom Grand Swiss 2019"]
[Site "Douglas-Isle of Man"]
[Date "2019.10.19"]
[Round "9.39"]
[White "Arkell, Keith C"]
[Black "Kolbus, Dietmar"]
[Result "1-0"]
[ECO "D78"]
[WhiteElo "2447"]
[BlackElo "2300"]
[Annotator "NA"]
[PlyCount "143"]
[EventDate "2019.10.10"]
[EventType "swiss"]
[EventCountry "GBR"]
[SourceTitle "playchess.com"]
[Source "ChessBase"]
[SourceQuality "1"]
[TimeControl "40/6000+30:20/3000+30:900+30"]

1. d4 Nf6 2. Nf3 g6 3. c4 Bg7 4. g3 O-O 5. Bg2 c6 6. O-O d5 7. Nbd2 Na6 8. b3 Ne4 9. Bb2 Qa5 10. a3 Nxd2 11. Nxd2 Qd8 12. b4 Nc7 13. a4 a6 14. a5 Be6 15. Qc2 Bf5 16. Qb3 Qd7 17. Rfe1 Rad8 18. Rad1 Bh3 19. Bh1 Qc8 20. e3 Qb8 21. Rc1 Be6 22. Bg2 dxc4 23. Nxc4 Nb5 24. Qc2 Bd5 25. Bh3 Bxc4 26. Qxc4 e5 27. dxe5 Bxe5 28. Bxe5 Qxe5 29. Red1 Qf6 30. Kg2 Rd6 31. Rxd6 Qxd6 32. Bg4 Rd8 33. Rd1 Qf8 34. Rxd8 Qxd8 35. h4 Kg7 36. Bf3 Qe7 37. h5 Qe5 38. Qh4 f6 39. h6+ Kf8 40. Qg4 Nd6 41. Qd4 Ke7 42. Qa7 Kd7 43. Bg4+ f5 44. Bf3 Kc7 45. g4 Qf6 46. Qc5 Kd7 47. Kg3 Ke6 48. Qc2 Qe5+ 49. Kg2 Kf6 50. Qb3 Nf7 51. Be2 f4 52. Qc4 g5 53. exf4 gxf4 54. Bd3 Nxh6 55. Kf3 Kg5 56. Bxh7 Qd5+ 57. Qxd5+ cxd5 58. Ke2 Nxg4 59. Bg8 Nf6 60. Be6 Ne4 61. Kd3 Nxf2+ 62. Kd4 f3 63. Bxd5 Kf4 64. Bxb7 Ng4 65. Bxa6 f2 66. Be2 Ne5 67. a6 Nf3+ 68. Kd3 Ne5+ 69. Kd2 Nf3+ 70. Kd1 Nd4 71. a7 Nxe2 72. Kxe2 1-0

[Event "FIDE Chesscom Grand Swiss 2019"]
[Site "Douglas-Isle of Man"]
[Date "2019.10.19"]
[Round "9.40"]
[White "Bulmaga, Irina"]
[Black "Jansa, Vlastimil"]
[Result "1-0"]
[ECO "B54"]
[WhiteElo "2442"]
[BlackElo "2452"]
[Annotator "ChessBase"]
[PlyCount "138"]
[EventDate "2019.10.10"]
[EventType "swiss"]
[EventCountry "GBR"]
[SourceTitle "playchess.com"]
[Source "ChessBase"]
[SourceQuality "1"]
[TimeControl "40/6000+30:20/3000+30:900+30"]

1. e4 c5 2. Nf3 Nc6 3. d4 cxd4 4. Nxd4 e6 5. Nc3 d6 6. g4 a6 7. Be3 Nge7 8. Nb3 b5 9. Bg2 Bb7 10. Qe2 Nc8 11. O-O-O Qc7 12. f4 Nb6 13. e5 Nc4 14. Rhf1 O-O-O 15. exd6 Bxd6 16. Ne4 Nxe3 17. Qxe3 Nb4 18. Nxd6+ Rxd6 19. Bxb7+ Kxb7 20. Qe4+ Nd5 21. f5 Rc8 22. fxe6 fxe6 23. Rf2 Kb8 24. g5 Qb6 25. Rfd2 g6 26. Qe5 Kb7 27. Nd4 Nc7 28. Qg7 Kb8 29. Qe5 Rd5 30. Qe4 Rcd8 31. Rd3 R8d7 32. h4 R7d6 33. a3 Rd7 34. Kb1 R7d6 35. Nf3 Qc5 36. h5 Rxd3 37. Rxd3 Rxd3 38. cxd3 Qf2 39. hxg6 hxg6 40. Ka2 Nd5 41. Qe5+ Nc7 42. Nd4 Ka8 43. Qe4+ Kb8 44. Nc6+ Kc8 45. Qxg6 Qc5 46. Qg8+ Kb7 47. Na5+ Ka7 48. Qd8 Qd5+ 49. Qxd5 Nxd5 50. g6 Kb6 51. g7 Ne7 52. b4 Kc7 53. Kb3 Kd6 54. Nb7+ Kd5 55. Nc5 a5 56. Ne4 a4+ 57. Kc2 Ke5 58. Nc3 Kf6 59. Nxb5 Kxg7 60. Nc3 Kf6 61. Nxa4 Ke5 62. Kc3 Kd6 63. Kc4 e5 64. Nc3 Nf5 65. a4 Ne3+ 66. Kb5 Nc2 67. a5 Kc7 68. Nd5+ Kd6 69. a6 Kxd5 1-0

[Event "FIDE Chesscom Grand Swiss 2019"]
[Site "Douglas-Isle of Man"]
[Date "2019.10.19"]
[Round "9.41"]
[White "Sebag, Marie"]
[Black "Wu, Li"]
[Result "1-0"]
[ECO "B31"]
[WhiteElo "2445"]
[BlackElo "2332"]
[Annotator "NA"]
[PlyCount "109"]
[EventDate "2019.10.10"]
[EventType "swiss"]
[EventCountry "GBR"]
[SourceTitle "playchess.com"]
[Source "ChessBase"]
[SourceQuality "1"]
[TimeControl "40/6000+30:20/3000+30:900+30"]

1. e4 c5 2. Nf3 Nc6 3. Bb5 g6 4. Bxc6 bxc6 5. O-O Bg7 6. Re1 Nf6 7. e5 Nd5 8. d4 cxd4 9. Qxd4 f6 10. Qh4 fxe5 11. Nxe5 O-O 12. c4 Nf6 13. Bh6 Qc7 14. Nc3 d6 15. Nf3 Bxh6 16. Qxh6 Bg4 17. Ng5 e5 18. h3 Bd7 19. Rad1 Rad8 20. Nce4 Bf5 21. Nxf6+ Rxf6 22. Re3 Rdf8 23. c5 Qg7 24. Qxg7+ Kxg7 25. cxd6 h6 26. Ne4 Bxe4 27. Rxe4 Rd8 28. Rxe5 Rfxd6 29. Rxd6 Rxd6 30. Re7+ Kf6 31. Rxa7 Rd1+ 32. Kh2 Rd2 33. b4 Rxf2 34. Ra6 Kf7 35. a4 Rb2 36. Rb6 Ra2 37. a5 c5 38. bxc5 Rxa5 39. Rc6 Ra3 40. Rd6 Rc3 41. c6 h5 42. h4 Kg7 43. Kg1 Rc4 44. g3 Rc2 45. Kf1 Kf7 46. Ke1 Rg2 47. Rd2 Rxg3 48. Rc2 Re3+ 49. Kf2 Re8 50. Kf3 Rc8 51. Kf4 Ke6 52. Kg5 Kd6 53. Kxg6 Kc7 54. Kxh5 Rg8 55. Rc4 1-0

[Event "FIDE Chesscom Grand Swiss 2019"]
[Site "Douglas-Isle of Man"]
[Date "2019.10.19"]
[Round "9.42"]
[White "Nebolsina, Vera"]
[Black "Dahl, Baard"]
[Result "1/2-1/2"]
[ECO "B30"]
[WhiteElo "2252"]
[BlackElo "2067"]
[Annotator "NA"]
[PlyCount "81"]
[EventDate "2019.10.10"]
[EventType "swiss"]
[EventCountry "GBR"]
[SourceTitle "playchess.com"]
[Source "ChessBase"]
[SourceQuality "1"]
[TimeControl "40/6000+30:20/3000+30:900+30"]

1. e4 c5 2. Nc3 Nc6 3. Bb5 Nd4 4. Nf3 e6 5. O-O a6 6. Bd3 Ne7 7. Nxd4 cxd4 8. Ne2 d5 9. Re1 dxe4 10. Bxe4 Nc6 11. b3 Bc5 12. Nf4 Qe7 13. Nd3 Bd6 14. Bb2 Bd7 15. a4 Qg5 16. b4 O-O 17. f4 Bxf4 18. Nxf4 Qxf4 19. b5 axb5 20. axb5 Rxa1 21. Qxa1 Ne5 22. h3 Qxd2 23. Bxd4 f6 24. Bc3 Qf4 25. Bxe5 fxe5 26. Bd3 Qf2+ 27. Kh1 Qd4 28. Qxd4 exd4 29. Re4 Rf5 30. Rxd4 Rd5 31. Rb4 b6 32. Kg1 h6 33. Kf2 Kf7 34. Ke3 Ke7 35. h4 Kd6 36. Rg4 g5 37. c4 Re5+ 38. Kf3 Kc5 39. hxg5 hxg5 40. Re4 Rxe4 41. Kxe4 1/2-1/2